 Dungeon Crawl Stone Soup version 0.22.1-1-ga44c0e56f4 (webtiles) character file.

183 Ihlosi the Slasher (level 5, 0/42 HPs)
             Began as a Human Gladiator on Nov 10, 2018.
             Slain by a worker ant (2 damage)
             ... on level 4 of the Dungeon.
             The game lasted 00:05:55 (1543 turns).

Ihlosi the Slasher (Human Gladiator)                Turns: 1543, Time: 00:05:56

Health: 0/42       AC:  6    Str: 15    XL:     5   Next: 94%
Magic:  5/5        EV: 17    Int:  8    God:
Gold:   47         SH:  0    Dex: 15    Spells: 4/4 levels left

rFire    . . .     SeeInvis .   a - +0 long sword
rCold    . . .     Gourm    .   (no shield)
rNeg     . . .     Faith    .   b - +0 leather armour
rPois    .         Spirit   .   c - +0 helmet
rElec    .         Reflect  .   g - +0 cloak
rCorr    .         Harm     .   (no gloves)
MR       .....                  h - +0 pair of boots
Stlth    ++........             (no amulet)
HPRegen  0.14/turn              j - +4 ring of evasion
MPRegen  0.09/turn              m - ring of flight

@: lethally poisoned (0 -> -5)
A: no striking features
a: Evoke Flight


You were on level 4 of the Dungeon.
You were hungry.

You visited 1 branch of the dungeon, and saw 3 of its levels.

You collected 47 gold pieces.

Inventory:

Hand Weapons
 a - a +0 long sword (weapon)
Missiles
 d - 3 throwing nets (quivered)
Armour
 b - a +0 leather armour (worn)
 c - a +0 helmet (worn)
 g - a +0 cloak (worn)
 h - a +0 pair of boots (worn)
Jewellery
 j - a +4 ring of evasion (left hand)
 m - a ring of flight (right hand)
Scrolls
 e - a scroll of identify
 k - a scroll of fear
Potions
 l - 2 potions of mutation
 n - a potion of haste
Comestibles
 f - 4 rations
 i - a chunk of flesh


   Skills:
 * Level 3.8 Fighting
 + Level 4.0 Long Blades
 - Level 2.0 Throwing
 * Level 1.9 Armour
 - Level 3.0 Dodging
 - Level 2.0 Stealth


You had 4 spell levels left.
You didn't know any spells.
Your spell library was empty.

Dungeon Overview and Level Annotations

Branches:
Dungeon (2/15)

Altars:

Annotations:
D:4 Blork the orc


Message History

The worker ant bites you but does no damage.
You hit the worker ant but do no damage.
You feel sick. The worker ant barely misses you. The worker ant misses you.
You hit the worker ant.
The worker ant is lightly wounded.
The worker ant misses you.
You completely miss the worker ant.
The worker ant is lightly wounded.
The worker ant misses you. The worker ant closely misses you.
You completely miss the worker ant.
The worker ant is lightly wounded.
The worker ant bites you.
* * * LOW HITPOINT WARNING * * *
You are lethally poisoned!
The worker ant poisons you!
You hit the worker ant but do no damage.
The worker ant is lightly wounded.
* * * LOW HITPOINT WARNING * * *
You feel sick. The worker ant completely misses you. The worker ant bites you.
You die...

...)...........#
...............#........
####...######..+........
.#...........# #........
.#.(.........###........
.............#..........
#............#..........
#............#..a.......
##...........###@.......
...##+#####..†..........
.).# #............. ...#
#............. ...#
........###+#### ...#
#........# ...##
..........#
....#............
....#.............


You could see a worker ant.

Vanquished Creatures
  A worker ant (D:4)
  6 gnolls
  2 adders (D:2)
  2 dart slugs (D:1)
  A leopard gecko (D:1)
  5 bats
  4 giant cockroaches
  22 goblins
  14 hobgoblins
  2 jackals
  3 quokkas
  A frilled lizard (D:2)
  2 kobolds (D:2)
  5 rats
70 creatures vanquished.

Notes
Turn   | Place    | Note
-------+----------+-------------------------------------------
     0 | D:1      | Ihlosi the Human Gladiator began the quest for the Orb.
     0 | D:1      | Reached XP level 1. HP: 16/16 MP: 1/1
    50 | D:1      | Reached skill level 1 in Stealth
    50 | D:1      | Reached XP level 2. HP: 20/23 MP: 2/2
   291 | D:1      | Reached XP level 3. HP: 28/29 MP: 3/3
   788 | D:1      | Reached XP level 4. HP: 35/35 MP: 4/4
   841 | D:2      | Reached skill level 1 in Armour
  1256 | D:2      | You fall through a shaft for 2 floors!
  1337 | D:4      | Reached XP level 5. HP: 17/41 MP: 5/5
  1512 | D:4      | Noticed Blork the orc
  1530 | D:4      | Reached skill level 4 in Long Blades
  1543 | D:4      | HP: 2/42 [poisoned by a worker ant]
  1543 | D:4      | Slain by a worker ant

Skill      XL: |  1  2  3  4  5 |
---------------+----------------+-----
Stealth        | 1 2 |  2.0
Fighting       | 3 |  3.8
Armour         | 1 |  1.9
Long Blades    | 4 |  4.0
Throwing       | |  2.0
Dodging        | |  3.0

Action                   |  1- 3 |  4- 6 || total
-------------------------+-------+-------++-------
Melee: Long sword        |    65 |   122 ||   187
  Use: Scroll            |       |     2 ||     2
       Potion            |       |     5 ||     5
 Stab: Sleeping          |     2 |     4 ||     6
  Eat: Chunk             |       |     2 ||     2
Armor: Leather armour    |    18 |    39 ||    57
Dodge: Dodged            |    79 |   154 ||   233
       Rpst.: Long sword |    31 |    39 ||    70
